 Dungeon Sprint DCSS version 0.30-a0-1008-g30c9307041 (webtiles) character file.

Game seed: 2808599010628914050

58248 BigDaddyOpFi the End of an Era (level 14, -21/123 (146) HPs)
             Began as an Armataur Fighter on Apr 5, 2023.
             Was the Champion of Qazlal.
             Killed from afar by a shadow dragon (48 damage)
             ... with a bolt of negative energy
             ... in the Dungeon (Sprint VII: "The Pits").
             The game lasted 00:07:36 (4931 turns).

BigDaddyOpFi the End of an Era (Armataur Fighter)   Turns: 4931, Time: 00:07:37

HP:   -21/123 (146) AC: 37    Str: 25    XL:     14   Next: 48%
MP:   29/29         EV:  5    Int:  9    God:    Qazlal [******]
Gold: 32            SH: 29    Dex: 11    Spells: 13/13 levels left

rFire   . . .      SeeInvis .    a - +9 broad axe
rCold   . . .      Faith    .    E - +1 tower shield
rNeg    . . .      Spirit   .    n - +5 plate armour
rPois   .          Reflect  .    B - +1 helmet
rElec   .          Roll     +    C - +1 cloak
rCorr   +          NoTele   +    (no gloves)
Will    +....      Harm     + .  (no barding) Stlth
                                 A - amulet "Curhox" {Harm Regen+ rCorr}
HPRegen 1.20/turn                b - +3 ring of protection
MPRegen 0.21/turn                m - +3 ring of protection

@: protected from physical damage, glowing, studying Maces & Flails, silenced,
heavily drained, repel missiles
A: large, rugged brown scales 3, deformed body, armoured tail, roll, long
tongue, awkward tongue, sense surroundings 1, subdued magic 1, MP-powered wands
a: Renounce Religion


You were in the Dungeon.
You worshipped Qazlal.
Qazlal was exalted by your worship.
You visited 1 branch You collected 32 gold pieces.

Inventory:

Hand Weapons
 a - a +9 broad axe (weapon)
 o - a +1 heavy broad axe
 y - a +1 broad axe of draining
Armour
 n - a +5 plate armour (worn)
 B - a +1 helmet (worn)
 C - a +1 cloak (worn)
 E - a +1 tower shield (worn)
 H - a +6 chain mail
Jewellery
 b - a +3 ring of protection (left hand)
 m - a +3 ring of protection (right hand)
 u - a ring of ice
 v - a ring of fire
 w - a ring of protection from fire
 A - the amulet "Curhox" (around neck) {Harm Regen+ rCorr}
   (You found it in the Dungeon)

   [amulet of regeneration]

   Regen:     It increases your rate of health regeneration.
   rCorr:     It protects you from acid and corrosion.
   Harm:      It increases damage dealt and taken.
Scrolls
 j - 3 scrolls of blinking
 r - 2 scrolls of identify
 s - 3 scrolls of fog
 t - a scroll of magic mapping
Potions
 d - 2 potions of might
 g - 5 potions of haste
 h - 4 potions of magic
 i - 3 potions of berserk rage
 k - a potion of invisibility
 l - a potion of brilliance
 q - a potion of resistance
 x - 2 potions of mutation


   Skills:
 + Level 16.2 Fighting
 + Level 14.8 Axes
 + Level 20.5 Armour
 + Level 19.1 Shields
 * Level 23.7 Invocations


You had 13 spell levels left.
You didn't know any spells.
Your spell library contained the following spells:

 Spells                   Type           Power      Damage    Failure   Level
 Necrotise                Necr           0%         1d4       98%         1
 Vampiric Draining        Necr           0%         2d6       100%        3
 Agony                    Necr           0%         N/A       100%        5


Dungeon Overview and Level Annotations

Branches:
Dungeon (1/1)

Altars:
Ashenzari
Cheibriados
Dithmenos
Elyvilon
Fedhas
Gozag
Hepliaklqana
Kikubaaqudgha
Makhleb
Nemelex Xobeh
Okawaru
Qazlal
Ru
Sif Muna
Trog
Uskayaw
Vehumet
Wu Jian
Xom
Yredelemnul
Zin
The Shining One
Jiyva
Lugonu

Annotations:
D Kirke, Mennas


Innate Abilities, Weirdness & Mutations

You are completely covered in rugged brown scales. (AC +3, +7% HP)
Armour fits poorly on your strangely shaped body.
You have a long armoured tail.
You roll when moving toward enemies. (Rampage)
Your long tongue fully drains potion bottles. (2x potion effects)
Your tongue gives you trouble enunciating. (1.5x scroll delay)
You passively map a small area around you.
Your spells are a little easier to cast, but a little less powerful.
You expend magic power (3 MP) to strengthen your wands.


Message History

Mennas blocks your attack.
Your tail-slap misses Mennas.
Mennas is severely wounded.
You block Mennas's attack. x2; Mennas hits you but does no damage. x2
Mennas blocks your attack.
Your tail-slap misses Mennas.
Mennas is severely wounded.
Mennas hits you with a +3 sacred scourge of holy wrath.
You block Mennas's attack. Mennas blocks your attack.
Mennas is severely wounded.
Mennas hits you but does no damage. You block Mennas's attack.
Unknown command.
You barely miss Mennas.
Mennas is severely wounded.
Mennas is caught in a moment of prayer.
You block Mennas's attack. Mennas hits you but does no damage.
You block Mennas's attack. Mennas hits you but does no damage.
Mennas blocks your attack.
Your tail-slap misses Mennas.
Mennas is severely wounded.
You block Mennas's attack. Mennas hits you but does no damage.
Mennas blocks your attack.
Mennas is severely wounded.
You block Mennas's attack. x3
Mennas hits you with a +3 sacred scourge of holy wrath.
You feel more protected from physical attacks.
You hit Mennas but do no damage.
Mennas is severely wounded.
Mennas hits you with a +3 sacred scourge of holy wrath.
You block Mennas's attack.
You hit Mennas.
Mennas is severely wounded.
You block Mennas's attack. Mennas hits you but does no damage.
Mennas looks to the heavens.
You block Mennas's attack.
Mennas hits you with a +3 sacred scourge of holy wrath!
* * * LOW HITPOINT WARNING * * *
The shadow dragon breathes negative energy at you.
The bolt of negative energy hits Mennas.
Mennas completely resists.
The bolt of negative energy hits you!!!
You feel drained.
You die...

, , #..#.#†#.#)#[#. ,
#..##.#)#[#.#.# * *
*#..#####'######
#############..........†...
#_________.##..........)...
#_________.###########++###
#_______...###########++###
##########'##..............
#.?(.')))'@##......#..#....
##########A##..............
#.........D@'..D.2.......).
#'#####'#####......#..#....
#.#[.#.....##..............
#.#))#####)#####'#####''###
#.#))#...).##.......##''###
#.#))#.....##.......##.....
#.#[.###'####.......##.....


You could see Mennas (silencing), a shadow dragon (unsilenced, catching breath)
and Kirke.

Vanquished Creatures
  A curse toe (D)
  A deep elf blademaster (D)
  Polyphemus (D)
  A death cob (D)
  A nagaraja (D)
  A ghost moth (D)
  A balrug (D)
  2 orc warlords (D)
  A green draconian (D)
  A deep elf annihilator (D)
  A yellow draconian (D)
  A blizzard demon (D)
  Snorg (D)
  2 minotaurs (D)
  A deep elf death mage (D)
  A vault guard (D)
  A spriggan air mage (D)
  A merfolk avatar (D)
  A boulder beetle (D)
  A merfolk aquamancer (D)
  An anaconda (D)
  A vampire mage (D)
  A death knight (D)
  An alligator (D)
  3 naga warriors (D)
  A deep troll shaman (D)
  An alligator snapping turtle (D)
  4 death yaks (D)
  2 deep troll earth magi (D)
  An orc high priest (D)
  2 deep elf knights (D)
  A naga sharpshooter (D)
  Urug (D)
  An iron troll (D)
  A fire crab (D)
  A sixfirhy (D)
  A spriggan druid (D)
  A deep troll (D)
  A bog body (D)
  A lindwurm (D)
  A necromancer (D)
  A deep elf pyromancer (D)
  13 orc knights (D)
  A deep elf zephyrmancer (D)
  2 wolf spiders (D)
  A cyclops (D)
  2 orc sorcerers (D)
  2 salamanders (D)
  A large abomination (D)
  Maurice (D)
  A black mamba (D)
  An orange demon (D)
  A naga mage (D)
  A smoke demon (D)
  2 rime drakes (D)
  A komodo dragon (D)
  2 freezing wraiths (D)
  A yaktaur (D)
  2 guardian mummies (D)
  6 ice devils (D)
  2 trolls (D)
  4 merfolk (D)
  A polar bear (D)
  A hornet (D)
  2 wind drakes (D)
  A tyrant leech (D)
  4 dream sheep (D)
  A snapping turtle (D)
  A ynoxinul (D)
  A vampire (D)
  A shadow (D)
  A fire bat (D)
  3 water elementals (D)
  2 wyverns (D)
  3 hogs (D)
  A small abomination (D)
  8 yaks (D)
  A warg (D)
  4 vampire mosquitoes (D)
  6 redbacks (D)
  A water moccasin (D)
  An ice beast (D)
  3 sky beasts (D)
  4 orc warriors (D)
  2 ogres (D)
  A centaur (D)
  9 wolves (D)
  3 crimson imps (D)
  4 orc priests (D)
  3 hounds (D)
  A hell rat (D)
  7 orc wizards (D)
  2 adders (D)
  2 adder zombies (D)
  A worm (D)
  13 orcs (D)
  2 bat skeletons (D)
  An endoplasm (D)
  A giant cockroach (D)
  2 hobgoblins (D)
  2 quokkas (D)
  A ball python simulacrum (D)
  2 frilled lizards (D)
  A giant cockroach simulacrum (D)
  A kobold (D)
  A quokka skeleton (D)
  A rat (D)
212 creatures vanquished.

Vanquished Creatures (others)
  A green draconian (D)
  An ice dragon (D)
  2 hogs (D)
4 creatures vanquished.

Grand Total: 216 creatures vanquished

Notes
Turn   | Place    | Note
-------+----------+-------------------------------------------
     0 | D        | BigDaddyOpFi the Armataur Fighter began the quest for the
                  | Orb.
     0 | D        | Reached XP level 1. HP: 19/19 MP: 1/1
    14 | D        | Found a bloodstained altar of Trog.
    14 | D        | Found a shimmering blue altar of Sif Muna.
    14 | D        | Found a viscous altar of Jiyva.
    14 | D        | Found a hazy altar of Hepliaklqana.
    14 | D        | Found an opulent altar of Gozag.
    15 | D        | Found a glowing golden altar of the Shining One.
    15 | D        | Found a glowing silver altar of Zin.
    15 | D        | Found a basalt altar of Yredelemnul.
    15 | D        | Found a shimmering altar of Xom.
    15 | D        | Found an ornate altar of the Wu Jian Council.
    15 | D        | Found a sacrificial altar of Ru.
    15 | D        | Found a stormy altar of Qazlal.
    15 | D        | Found an iron altar of Okawaru.
    15 | D        | Found a sparkling altar of Nemelex Xobeh.
    15 | D        | Found a burning altar of Makhleb.
    15 | D        | Found a blossoming altar of Fedhas.
    15 | D        | Found a white marble altar of Elyvilon.
    15 | D        | Found a shadowy altar of Dithmenos.
    15 | D        | Found a snail-covered altar of Cheibriados.
    16 | D        | Found a radiant altar of Vehumet.
    16 | D        | Found a corrupted altar of Lugonu.
    17 | D        | Found an ancient bone altar of Kikubaaqudgha.
    17 | D        | Found a hide-covered altar of Uskayaw.
    17 | D        | Found a broken altar of Ashenzari.
    20 | D        | Became a worshipper of Qazlal Stormbringer
    67 | D        | Reached * piety under Qazlal
    68 | D        | Reached skill level 1 in Invocations
   169 | D        | Reached ** piety under Qazlal
   170 | D        | Reached XP level 2. HP: 26/27 MP: 1/3
   174 | D        | Reached skill level 2 in Invocations
   235 | D        | Noticed a crimson imp
   235 | D        | Noticed an ogre
   243 | D        | Reached skill level 5 in Armour
   243 | D        | Reached skill level 3 in Invocations
   243 | D        | Reached XP level 3. HP: 35/35 MP: 3/5
   244 | D        | Reached *** piety under Qazlal
   245 | D        | Reached skill level 4 in Invocations
   245 | D        | Reached XP level 4. HP: 42/42 MP: 3/7
   247 | D        | Reached skill level 5 in Shields
   247 | D        | Reached skill level 5 in Invocations
   252 | D        | Killed an ogre
   253 | D        | Reached skill level 6 in Invocations
   253 | D        | Reached XP level 5. HP: 9/50 MP: 3/9
   263 | D        | Reached **** piety under Qazlal
   264 | D        | Reached skill level 5 in Fighting
   749 | D        | Noticed a sky beast
   766 | D        | Killed a sky beast
   767 | D        | Reached skill level 7 in Invocations
   767 | D        | Reached XP level 6. HP: 52/59 MP: 11/11
   964 | D        | Noticed a cyclops
   975 | D        | Killed a cyclops
   976 | D        | Reached skill level 5 in Axes
   976 | D        | Reached skill level 9 in Invocations
   976 | D        | Reached XP level 7. HP: 64/68 MP: 11/14
  1136 | D        | Reached ***** piety under Qazlal
  1269 | D        | Noticed a yak
  1269 | D        | Noticed a yak
  1269 | D        | Noticed a yak
  1270 | D        | Killed a yak
  1270 | D        | Killed a yak
  1271 | D        | Reached skill level 10 in Invocations
  1271 | D        | Reached XP level 8. HP: 78/78 MP: 6/15
  1520 | D        | Noticed an ice devil
  1522 | D        | Reached skill level 10 in Armour
  1522 | D        | Reached skill level 11 in Invocations
  1527 | D        | Killed an ice devil
  1625 | D        | Noticed a deep elf zephyrmancer
  1630 | D        | Killed a deep elf zephyrmancer
  1631 | D        | Reached skill level 10 in Shields
  1631 | D        | Reached skill level 12 in Invocations
  1631 | D        | Reached XP level 9. HP: 44/87 MP: 16/18
  1672 | D        | Noticed a bog body
  1673 | D        | Reached ****** piety under Qazlal
  1673 | D        | Killed a bog body
  1674 | D        | Reached skill level 13 in Invocations
  1820 | D        | Noticed a troll
  1827 | D        | Reached XP level 10. HP: 44/97 MP: 20/20
  2061 | D        | Noticed a lindwurm
  2062 | D        | Killed a lindwurm
  2063 | D        | Reached skill level 14 in Invocations
  2210 | D        | Noticed a wolf spider
  2213 | D        | Killed a wolf spider
  2214 | D        | Reached skill level 10 in Fighting
  2380 | D        | Noticed a vampire mage
  2380 | D        | Noticed an alligator snapping turtle
  2381 | D        | Noticed Urug
  2383 | D        | Killed Urug
  2383 | D        | Killed a vampire mage
  2384 | D        | Reached skill level 15 in Invocations
  2384 | D        | Reached XP level 11. HP: 75/108 MP: 13/22
  2389 | D        | Killed an alligator snapping turtle
  2608 | D        | Noticed an orc sorcerer
  2609 | D        | Noticed an orc high priest
  2610 | D        | Killed an orc sorcerer
  2610 | D        | Killed an orc high priest
  2611 | D        | Reached skill level 10 in Axes
  2611 | D        | Reached skill level 16 in Invocations
  2612 | D        | Noticed an orc knight
  2613 | D        | Killed an orc knight
  2984 | D        | Gained mutation: You passively map a small area around you.
                  | [potion of mutation]
  2984 | D        | Gained mutation: You have an increased reservoir of magic.
                  | (+10% MP) [potion of mutation]
  2984 | D        | Gained mutation: You are somewhat resistant to further
                  | mutation. [potion of mutation]
  2984 | D        | Gained mutation: You have a considerably increased
                  | reservoir of magic. (+20% MP) [potion of mutation]
  2985 | D        | Lost mutation: You passively map a small area around you.
                  | [potion of mutation]
  2985 | D        | Lost mutation: You have a considerably increased reservoir
                  | of magic. (+20% MP) [potion of mutation]
  2985 | D        | Lost mutation: You have an increased reservoir of magic.
                  | (+10% MP) [potion of mutation]
  2985 | D        | Lost mutation: You are somewhat resistant to further
                  | mutation. [potion of mutation]
  2985 | D        | Gained mutation: You are weak. (Str -2) [potion of
                  | mutation]
  2985 | D        | Gained mutation: You have an increased reservoir of magic.
                  | (+10% MP) [potion of mutation]
  2985 | D        | Gained mutation: You are somewhat resistant to further
                  | mutation. [potion of mutation]
  2985 | D        | Lost mutation: You are somewhat resistant to further
                  | mutation. [potion of mutation]
  2985 | D        | Gained mutation: You have a beak for a mouth. [potion of
                  | mutation]
  2985 | D        | Gained mutation: You have a considerably increased
                  | reservoir of magic. (+20% MP) [potion of mutation]
  2986 | D        | Lost mutation: You are weak. (Str -2) [potion of mutation]
  2986 | D        | Lost mutation: You have a considerably increased reservoir
                  | of magic. (+20% MP) [potion of mutation]
  2986 | D        | Lost mutation: You have a beak for a mouth. [potion of
                  | mutation]
  2986 | D        | Lost mutation: You have an increased reservoir of magic.
                  | (+10% MP) [potion of mutation]
  2986 | D        | Gained mutation: You passively map a small area around you.
                  | [potion of mutation]
  2986 | D        | Gained mutation: Your spells are a little easier to cast,
                  | but a little less powerful. [potion of mutation]
  2986 | D        | Gained mutation: Your flesh is heat resistant. (rF+)
                  | [potion of mutation]
  2986 | D        | Lost mutation: Your flesh is heat resistant. (rF+) [potion
                  | of mutation]
  2986 | D        | Gained mutation: You have hidden genetic potential. [potion
                  | of mutation]
  2986 | D        | Lost mutation: You have hidden genetic potential. [potion
                  | of mutation]
  2986 | D        | Gained mutation: You expend magic power (3 MP) to
                  | strengthen your wands. [potion of mutation]
  3046 | D        | Noticed Maurice
  3051 | D        | Paralysed by a hornet for 1 turns
  3061 | D        | Reached skill level 17 in Invocations
  3085 | D        | Killed Maurice
  3093 | D        | Reached skill level 15 in Armour
  3344 | D        | Noticed an alligator
  3351 | D        | Killed an alligator
  3496 | D        | Noticed a death knight
  3510 | D        | Killed a death knight
  3511 | D        | Reached XP level 12. HP: 97/119 MP: 24/24
  3630 | D        | Noticed an anaconda
  3630 | D        | Noticed a deep troll shaman
  3630 | D        | Noticed a deep troll earth mage
  3630 | D        | Noticed a deep troll earth mage
  3631 | D        | Killed a deep troll earth mage
  3631 | D        | Killed a deep troll earth mage
  3631 | D        | Killed a deep troll shaman
  3632 | D        | Reached skill level 15 in Shields
  3632 | D        | Reached skill level 18 in Invocations
  3634 | D        | Killed an anaconda
  3750 | D        | Got the amulet "Curhox" {Harm Regen+ rCorr}
  3787 | D        | Noticed a boulder beetle
  3788 | D        | Noticed an orc warlord
  3788 | D        | Noticed an orc warlord
  3789 | D        | Killed an orc warlord
  3790 | D        | Reached skill level 19 in Invocations
  3790 | D        | Killed a boulder beetle
  3792 | D        | Killed an orc warlord
  3795 | D        | Noticed a vault guard
  3798 | D        | Noticed a deep elf blademaster
  3799 | D        | Killed a deep elf blademaster
  3799 | D        | Killed a vault guard
  3800 | D        | Reached skill level 20 in Invocations
  3800 | D        | Reached XP level 13. HP: 118/131 MP: 3/27
  3801 | D        | Noticed a green draconian
  3806 | D        | Killed a green draconian
  3811 | D        | Noticed a curse toe
  3821 | D        | Killed a curse toe
  4047 | D        | Found the +8 trident of the Octopus King {venom, rElec
                  | rPois}
  4262 | D        | Noticed a nagaraja
  4262 | D        | Noticed a minotaur
  4263 | D        | Killed a nagaraja
  4263 | D        | Noticed a balrug
  4263 | D        | Noticed Snorg
  4263 | D        | Noticed a minotaur
  4264 | D        | Reached skill level 21 in Invocations
  4268 | D        | Killed Snorg
  4274 | D        | Killed a minotaur
  4276 | D        | Killed a minotaur
  4294 | D        | Killed a ghost moth
  4295 | D        | Reached skill level 15 in Fighting
  4297 | D        | Killed a balrug
  4298 | D        | Reached skill level 22 in Invocations
  4309 | D        | Found the +10 Black Knight's barding {ponderous, rPois rN+}
  4693 | D        | Noticed Polyphemus
  4695 | D        | Noticed a yellow draconian
  4696 | D        | Killed a yellow draconian
  4696 | D        | Killed Polyphemus
  4697 | D        | Reached XP level 14. HP: 144/144 MP: 20/29
  4826 | D        | Reached skill level 23 in Invocations
  4826 | D        | Noticed Mennas
  4826 | D        | Noticed a shadow dragon
  4830 | D        | Noticed a death cob
  4830 | D        | Noticed Kirke
  4832 | D        | Killed a death cob
  4931 | D        | Killed from afar by a shadow dragon

Illustrated notes

Levels and vault maps discovered:
D:        pitsprint [storerooms_1, entrance_room_1, metal_vault_2, armoury_1,
          mini_pit_1, grid_room_1, main_hall_1, silver_pit, the_coven_1,
          the_vestibule_1, steel_vault_2, golden_pit, hallway_of_sentries,
          crystal_vault_1, iron_vault_2, final_vault]

Skill      XL: |  1  2  3  4  5  6  7  8  9 10 11 12 13 14 |
---------------+-------------------------------------------+-----
Invocations    | 1 3 4 6 7 9 10 12 13 15 17 20 22 23 | 23.7
Fighting       | 3 4 5 6 7 8 9 10 12 13 15 16 | 16.2
Armour         | 4 5 6 7 8 9 11 12 13 15 17 19 20 | 20.5
Axes           | 2 3 4 5 6 7 8 9 11 12 14 | 14.8
Shields        | 4 6 8 10 11 12 14 16 18 19 | 19.1

Action                     |  1- 3 |  4- 6 |  7- 9 | 10-12 | 13-15 || total
---------------------------+-------+-------+-------+-------+-------++-------
  Melee: War axe           |    32 |    36 |    19 |       |       ||    87
         Tailslap          |     3 |     5 |     8 |    14 |    14 ||    44
         Broad axe         |       |       |    16 |    57 |    67 ||   140
 Invoke: Disaster Area     |       |       |     3 |    11 |     6 ||    20
    Use: Potion            |     1 |     2 |       |     6 |    16 ||    25
         Scroll            |       |       |       |       |     6 ||     6
 Armour: Scale mail        |    15 |       |       |       |       ||    15
         Ring mail         |     2 |    13 |     5 |       |       ||    20
         Plate armour      |       |       |    22 |    40 |   128 ||   190
  Dodge: Dodged            |    15 |     6 |     9 |    14 |    18 ||    62
         Repelled          |       |       |       |     1 |       ||     1
  Block: Buckler           |     7 |     8 |    39 |    59 |    20 ||   133
         Tower shield      |       |       |       |       |   161 ||   161

Table legend: (Time is in decaauts)
 A = Elapsed time spent in this place.
 B = Non-inter-level travel time spent in this place.
 C = Inter-level travel time spent in this place.
 D = Time resting spent in this place.
 E = Time spent auto-exploring this place.
 F = Levels seen in this place.
 G = Mean time per level.
                   A        B        C        D        E       F      G
               +--------+--------+--------+--------+--------+-----+--------+
         Total |   5007 |   4719 |    288 |   3468 |      0 |   1 | 5007.0 |
       Dungeon |   5007 |   4719 |    288 |   3468 |      0 |   1 | 5007.0 |
               +--------+--------+--------+--------+--------+-----+--------+

Top non-repeatable levels by time:
       D: 5007 daAuts
